 Dungeon Crawl Stone Soup version 0.18.1-8-gdd0e5ea (webtiles) character file.

128 Flavorfulsole the Chopper (level 4, -2/36 HPs)
             Began as a Minotaur Chaos Knight on May 28, 2016.
             Slain by a gnoll
             ... wielding a +0 halberd
              (9 damage)
             ... on level 3 of the Dungeon.
             The game lasted 00:12:43 (2290 turns).

Flavorfulsole the Chopper (Minotaur Chaos Knight)   Turns: 2290, Time: 00:12:43

Health: -2/36      AC:  6    Str: 17    XL:     4   Next: 87%
Magic:  3/3        EV: 12    Int:  9    God:    Xom [*.....]
Gold:   70         SH:  0    Dex:  8    Spells: 0 memorised, 3 levels left

rFire  . . .     SeeInvis .     a - +1 hand axe (chaos)
rCold  . . .     Gourm    +     b - +2 leather armour
rNeg   . . .     Faith    .     (no shield)
rPois  .         Spirit   .     (helmet restricted)
rElec  .         Dismiss  .     h - +1 cloak {+Map}
rCorr  .         Reflect  .     (no gloves)
SustAt .         Harm     .     (no boots)
MR     .....                    l - amulet of the gourmand
Stlth  +.........               (no ring)
                                (no ring)

@: not resistant to hostile enchantments, very unstealthy
A: retaliatory headbutt, horns 2, clumsy 1, deformed body, frail 1, screaming 1
a: Renounce Religion


You were on level 3 of the Dungeon.
You worshipped Xom.
You were a special plaything of Xom.
You were not hungry.

You visited 1 branch of the dungeon, and saw 3 of its levels.

You collected 70 gold pieces.

Inventory:

Hand Weapons
 a - a +1 hand axe of chaos (weapon)
 e - a +1 short sword of distortion
 g - a +0 club
Armour
 b - a +2 leather armour (worn)
 f - a +0 leather armour
 h - a +1 cloak (worn) {+Map}
 k - a +0 ring mail
Jewellery
 l - an amulet of the gourmand (around neck)
Potions
 j - a potion of cure mutation
Comestibles
 c - 7 chunks of flesh
 d - 3 meat rations
 i - 3 beef jerkies
 m - a slice of pizza


   Skills:
 + Level 4.5 Fighting
 + Level 4.9 Axes
 + Level 2.9 Armour
 + Level 3.0 Dodging
 + Level 0.1 Stealth


You had 3 spell levels left.
You didn't know any spells.

Dungeon Overview and Level Annotations

Branches:
Dungeon (3/15)

Altars:
Elyvilon
Zin
The Shining One


Innate Abilities, Weirdness & Mutations

You reflexively headbutt those who attack you in melee.
You have a pair of horns on your head.
You are clumsy. (Dex -2)
Armour fits poorly on your strangely shaped body.
You are frail (-10% HP).
You occasionally shout uncontrollably at your foes.


Message History

A rat and a goblin come into view.
The gnoll shouts!
The goblin shouts!
Found 4 gold pieces and a triangular cameo amulet.
You hit the bat. You burn the bat.
You kill the bat!
A gnoll comes into view.
The gnoll barely misses you.
The gnoll hits you from afar with a halberd!
* * * LOW HITPOINT WARNING * * *
The gnoll closely misses you.
A ball python comes into view.
The gnoll closely misses you.
You hit the gnoll but do no damage.
The gnoll goes berserk!
Xom thinks this is hilarious!
The gnoll barely misses you.
You hit the gnoll. You burn the gnoll.
The gnoll is moderately wounded.
The gnoll hits you with a halberd!
You die...
Xom titters!

..".... ....$.. ...g...
####. .g..r.. ####...
....... ##....# ....g..
###..(..##
.......#####........####.#
......†.ggrg@............#
........####....†....##....
...###..# #...)(...># . .
#.## #.........# ..
##......)..#
.#...<........).(#
#...#####.........# . .#
#..(......# #......S..#


You could see 2 gnolls, a goblin and a rat.

Vanquished Creatures
  3 adders (D:2)
  An ooze (D:2)
  3 worms (D:2)
  A dart slug (D:2)
  4 giant geckos
  3 orcs (D:3)
  10 bats
  2 giant cockroaches
  12 hobgoblins
  7 jackals
  9 kobolds
  2 quokkas (D:2)
  2 giant newts
  9 goblins
  8 rats
76 creatures vanquished.

Vanquished Creatures (collateral kills)
  A plant (D:1)
1 creature vanquished.

Grand Total: 77 creatures vanquished

Notes
Turn   | Place    | Note
--------------------------------------------------------------
     0 | D:1      | Flavorfulsole the Minotaur Chaos Knight began the quest for the Orb.
     0 | D:1      | Reached XP level 1. HP: 19/19 MP: 0/0
   109 | D:1      | XOM: harmless Hex miscast
   113 | D:1      | Reached XP level 2. HP: 26/27 MP: 1/1
   506 | D:1      | Reached XP level 3. HP: 33/33 MP: 2/2
   759 | D:1      | XOM is BORED!
  1236 | D:2      | Reached XP level 4. HP: 40/40 MP: 3/3
  1240 | D:2      | XOM: give mutations
  1240 | D:2      | Gained mutation: Armour fits poorly on your strangely shaped body. [Xom's mischief]
  1240 | D:2      | Gained mutation: You occasionally shout uncontrollably at your foes. [Xom's mischief]
  1240 | D:2      | Gained mutation: You are clumsy. (Dex -2) [Xom's mischief]
  1240 | D:2      | Gained mutation: You are frail (-10% HP). [Xom's mischief]
  1384 | D:2      | Found a white marble altar of Elyvilon.
  1384 | D:2      | Found a glowing silver altar of Zin.
  1384 | D:2      | Found a glowing golden altar of the Shining One.
  2290 | D:3      | Slain by a gnoll

Skill      XL: |  1  2  3  4 |
---------------+-------------+-----
Axes           | 4 |  4.9
Fighting       | 4 |  4.5
Dodging        | 2 3 |  3.0
Armour         | |  2.9
Stealth        | |  0.1

Action                   |  1- 3 |  4- 6 || total
-------------------------+-------+-------++-------
Melee: Hand axe          |   101 |    59 ||   160
       Headbutt          |    15 |     8 ||    23
  Use: Scroll            |     2 |     4 ||     6
       Potion            |     1 |       ||     1
 Stab: Petrifying        |       |     1 ||     1
  Eat: Chunk             |     1 |     2 ||     3
       Bread ration      |       |     1 ||     1
Armor: Leather armour    |    32 |    41 ||    73
Dodge: Dodged            |    68 |    72 ||   140
